 Dungeon Crawl Stone Soup version 0.25-a0-290-g4a1327ee3a (console) character file.

Game seed: 8560082397363992317, levelgen mode: deterministic

1967 Kagalorn the Martial Artist (level 9, 0/68 HPs)
             Began as a Barachi Transmuter on Dec 14, 2019.
             Was a Follower of Okawaru.
             Slain by a wyvern zombie (15 damage)
             ... on level 7 of the Dungeon.
             The game lasted 00:21:21 (7671 turns).

Kagalorn the Martial Artist (Barachi Transmuter)    Turns: 7671, Time: 00:21:22

Health: 0/68       AC:  7    Str: 12    XL:     9   Next: 19%
Magic:  16/16      EV: 12    Int: 16    God:    Okawaru [*.....]
Gold:   322        SH:  3    Dex: 13    Spells: 8/17 levels left

rFire    + . .     SeeInvis .     - Unarmed
rCold    . . .     Gourm    .   (no shield)
rNeg     . . .     Faith    .   b - +0 robe
rPois    +         Spirit   .   x - +0 helmet
rElec    .         Reflect  +   (no cloak)
rCorr    .         Harm     .   v - +0 pair of gloves
MR       +....                  (boots currently unavailable)
Stlth    +.........             h - +3 amulet of reflection
HPRegen  0.21/turn              A - ring "Edigadeo" {rF+ MR+ AC+3}
MPRegen  0.15/turn              i - ring of poison resistance

@: appendage (expiring), slow
A: +LOS, swims, talons 3, slowness 1, strong legs 1
a: Hop, End Transformation, Heroism, Renounce Religion


You were on level 7 of the Dungeon.
You worshipped Okawaru.
Okawaru was aware of your devotion.
You were not hungry.
You had grown temporary talons.
You visited 2 branches of the dungeon, and saw 8 of its levels.

You collected 322 gold pieces.

Inventory:

Missiles
 c - 145 stones
 r - 65 bolts
 y - 60 sling bullets
 B - a poisoned dart (quivered)
Armour
 b - a +0 robe (worn)
 v - a +0 pair of gloves (worn)
 x - a +0 helmet (worn)
Jewellery
 h - a +3 amulet of reflection (around neck)
 i - a ring of poison resistance (right hand)
 z - an uncursed ring of see invisible
 A - the ring "Edigadeo" (left hand) {rF+ MR+ AC+3}
   (You found it on level 6 of the Dungeon)

   [ring of protection]

   It affects your AC (+3).
   It protects you from fire.
   It affects your resistance to hostile enchantments.
 C - an uncursed ring of ice {unknown}
Wands
 E - a wand of acid (9)
Scrolls
 e - 3 scrolls of teleportation {unknown}
 f - 6 scrolls of identify {unknown}
 g - 2 scrolls of random uselessness {unknown}
 j - a scroll of blinking {unknown}
 l - 3 scrolls of noise {unknown}
 m - 2 scrolls of remove curse {unknown}
 n - a scroll of amnesia {unknown}
 D - a scroll of magic mapping {unknown}
Potions
 a - 2 potions of flight {unknown}
 k - 2 potions of invisibility {unknown}
 o - a potion of haste {unknown}
 p - 3 potions of berserk rage {unknown}
 q - a potion of magic {unknown}
 s - a potion of might {unknown}
 u - a potion of agility {unknown}
 w - 2 potions of curing {unknown}
Comestibles
 d - 14 rations
 t - a chunk of flesh


   Skills:
 - Level 5.0 Fighting
 - Level 2.1 Dodging
 - Level 10.0 Unarmed Combat
 * Level 4.7 Spellcasting
 - Level 2.0 Hexes
 * Level 4.1 Transmutations
 * Level 0.6 Ice Magic
 - Level 2.0 Poison Magic
 * Level 1.9 Invocations


You had 8 spell levels left.
You knew the following spells:

 Your Spells              Type           Power        Failure   Level  Hunger
a - Beastly Appendage     Tmut           ###...       3%          1    None
b - Spider Form           Tmut/Pois      ##........   13%         3    ###....
c - Ice Form              Ice/Tmut       ##......     52%         4    ####...
d - Confusing Touch       Hex            ##....       7%          1    None

Your spell library contained the following spells:

 Spells                   Type           Power        Failure   Level  Hunger
 Sticks to Snakes         Tmut           ###.....     4%          2    ##.....
 Confuse                  Hex            ##......     21%         3    ###....
 Gell's Gravitas          Tloc           #.........   43%         3    ###....
 Petrify                  Tmut/Erth      ##......     54%         4    ####...
 Blade Hands              Tmut           ###.......   63%         5    ######.
 Yara's Violent Unravell  Hex/Tmut       ##........   77%         5    ######.
 Metabolic Englaciation   Hex/Ice        #.........   94%         5    ######.


Dungeon Overview and Level Annotations

Branches:
Dungeon (7/15)             Temple (1/1) D:5

Altars:
Ashenzari
Cheibriados
Dithmenos
Elyvilon
Gozag
Hepliaklqana
Kikubaaqudgha
Makhleb
Nemelex Xobeh
Okawaru
Qazlal
Ru
Trog
Uskayaw
Wu Jian
Yredelemnul
Zin
The Shining One


Innate Abilities, Weirdness & Mutations

You can be seen from farther away. (+LOS)
You can swim through water.
You cover ground slowly.
You can hop short distances.
You have claws for feet.


Message History

You claw the wyvern zombie.
The wyvern zombie is severely damaged.
The wyvern zombie bites you!
You are too injured to fight recklessly!
You are too injured to fight recklessly!
You are too injured to fight recklessly!
Casting: Beastly Appendage (safe; 3% risk of failure)
Confirm with . or Enter, or press ? or * to list all spells.
The spell is very dangerous to cast (52% risk of failure)!
Continue anyway?
Okay, then.
Your transformation is almost over.
The wyvern zombie bites you!
* * * LOW HITPOINT WARNING * * *
The wyvern zombie bites you.
* * * LOW HITPOINT WARNING * * *
You barely miss the wyvern zombie. Your kick misses the wyvern zombie.
You punch the wyvern zombie.
The wyvern zombie is severely damaged.
The wyvern zombie bites you!
You die...

.....#..#..
.......g..
###.....#
###...g...#
#.........#
##.....##......
##...)### ....#
#.......# .###
#.....@.# ....
#......Z##... #.
#............
##..†.........
###...........
##..............
#...............
#...^...........
##.....##....>.#


You could see a wyvern zombie.

Vanquished Creatures
  An orc warrior (D:6)
  2 sky beasts
  4 ogres
  A black bear (D:5)
  A necrophage (D:5)
  A phantom (D:6)
  A bullfrog (D:6)
  A water moccasin skeleton (D:7)
  A scorpion (D:7)
  A vampire bat (D:5)
  A crimson imp (D:5)
  A bullfrog zombie (D:6)
  3 jellies
  3 orc wizards
  An orc priest (D:5)
  3 hounds
  An iguana (D:6)
  3 worker ants
  A gnoll (D:7)
  16 adders
  A shadow imp (D:5)
  3 oozes (D:1)
  An adder skeleton (D:4)
  6 worms
  3 dart slugs
  3 fire bats (D:5)
  3 leopard geckos
  15 orcs
  2 spectral bats (D:5)
  3 ball pythons
  3 bat skeletons (D:5)
  A bat zombie (D:5)
  8 giant cockroaches
  10 goblins
  7 hobgoblins
  7 jackals
  9 kobolds
  4 quokkas
  19 bats
  A bat simulacrum (D:5)
  10 frilled lizards
  A leopard gecko skeleton (D:5)
  A leopard gecko zombie (D:5)
  10 rats
178 creatures vanquished.

Vanquished Creatures (others)
  A worker ant zombie (D:5)
1 creature vanquished.

Grand Total: 179 creatures vanquished

Notes
Turn   | Place    | Note
-------+----------+-------------------------------------------
     0 | D:1      | Kagalorn the Barachi Transmuter began the quest for the
                  | Orb.
     0 | D:1      | Reached XP level 1. HP: 15/15 MP: 3/3
    65 | D:1      | Reached XP level 2. HP: 14/21 MP: 5/5
   213 | D:1      | Reached skill level 4 in Unarmed Combat
   445 | D:1      | Reached XP level 3. HP: 13/27 MP: 4/6
  1148 | D:1      | HP: 1/27 [frilled lizard (2)]
  1407 | D:2      | Reached skill level 5 in Unarmed Combat
  1407 | D:2      | Reached XP level 4. HP: 32/33 MP: 5/7
  1748 | D:2      | Found a shattered altar of Ashenzari.
  1861 | D:2      | Found a sparkling altar of Nemelex Xobeh.
  2169 | D:2      | Reached XP level 5. HP: 33/39 MP: 6/8
  3069 | D:3      | Reached skill level 6 in Unarmed Combat
  3494 | D:3      | Learned a level 1 spell: Confusing Touch
  4023 | D:4      | Reached XP level 6. HP: 28/46 MP: 7/9
  4207 | D:4      | Reached skill level 7 in Unarmed Combat
  4544 | D:4      | Reached XP level 7. HP: 47/52 MP: 8/10
  4660 | D:4      | Reached skill level 8 in Unarmed Combat
  4953 | D:5      | Entered Level 5 of the Dungeon
  5181 | D:5      | Reached skill level 9 in Unarmed Combat
  5541 | D:5      | Found a stormy altar of Qazlal.
  5757 | D:5      | Learned a level 3 spell: Spider Form
  5946 | D:5      | Reached XP level 8. HP: 47/60 MP: 11/11
  6303 | D:5      | Found a staircase to the Ecumenical Temple.
  6313 | Temple   | Entered the Ecumenical Temple
  6366 | Temple   | Became a worshipper of Warmaster Okawaru
  6430 | D:6      | Got a clouded steel ring
  6431 | D:6      | Identified the ring "Edigadeo" {rF+ MR+ AC+3} (You found it
                  | on level 6 of the Dungeon)
  6597 | D:6      | Reached skill level 1 in Hexes
  6658 | D:6      | Reached skill level 10 in Unarmed Combat
  6831 | D:5      | Reached skill level 1 in Invocations
  7029 | D:6      | Reached skill level 1 in Poison Magic
  7283 | D:6      | Reached * piety under Okawaru
  7314 | D:6      | Reached XP level 9. HP: 59/67 MP: 15/15
  7553 | D:7      | Learned a level 4 spell: Ice Form
  7623 | D:7      | Reached skill level 5 in Fighting
  7671 | D:7      | Slain by a wyvern zombie

Levels and vault maps discovered:
D:1:      lemuel_arrival_river_bridge, layout_basic, glass_columns_c,
          minmay_lizard_king
D:2:      layout_loops_corners, nemelex_xobeh_ov_fountains_minmay,
          nicolae_ashenzari_panopticon
D:3:      layout_basic, first_ration, grunt_decor_arrowhead
D:4:      layout_loops_ring, amethyst_killhole
D:5:      layout_cave_pools, nicolae_qazlal_eye_of_the_storm,
          lemuel_temple_firewalk_b, goddamned_bats
D:6:      layout_rooms, minmay_quadrilaterals
D:7:      layout_cave_pools, grunt_livestock, led_sif_book,
          uniq_crazy_yiuf_cottage
Temple:   nicolae_temple_x_marks_the_god

Skill      XL: |  1  2  3  4  5  6  7  8  9 |
---------------+----------------------------+-----
Unarmed Combat | 4 5 6 7 9 10 | 10.0
Fighting       | 2 3 4 5 |  5.0
Hexes          | 2 |  2.0
Spellcasting   | 4 |  4.7
Transmutations | 3 4 |  4.1
Invocations    | 1 |  1.9
Poison Magic   | 1 2 |  2.0
Dodging        | |  2.1
Ice Magic      | |  0.6

Action                   |  1- 3 |  4- 6 |  7- 9 || total
-------------------------+-------+-------+-------++-------
Melee: Unarmed           |   138 |   249 |   307 ||   694
       Kick              |    13 |    25 |    58 ||    96
       Punch             |     1 |     3 |    11 ||    15
       Headbutt          |     4 |    16 |       ||    20
Throw: Stone             |       |     1 |     2 ||     3
       Dart              |       |     4 |     4 ||     8
 Cast: Beastly Appendage |    20 |    33 |    39 ||    92
       Confusing Touch   |       |     2 |    14 ||    16
       Spider Form       |       |       |     1 ||     1
 Abil: Hop               |     1 |       |       ||     1
  Use: Potion            |     1 |       |     1 ||     2
 Stab: Sleeping          |     1 |       |     1 ||     2
       Confused          |       |       |     8 ||     8
  Eat: Chunk             |     2 |    12 |    13 ||    27
Armor: Robe              |    24 |    32 |    99 ||   155
Dodge: Dodged            |    84 |   139 |   212 ||   435
Block: Other             |    13 |    20 |    47 ||    80
       Reflection        |       |     2 |     2 ||     4

Table legend:
 A = Non-vault XP
 B = Vault XP
 C = Vault XP percentage of total XP
 D = Non-vault monster count
 E = Vault monster count
 F = Vault count percentage of total count
                 A         B        C        D         E       F
            +---------+---------+-------+---------+---------+-------
      Total |    2343 |     467 |  16.6 |     146 |      32 |  18.0
            +---------+---------+-------+---------+---------+-------
        D:1 |      66 |      10 |  13.2 |      28 |       8 |  22.2
        D:2 |     108 |       0 |   0.0 |      26 |       0 |   0.0
        D:3 |      73 |       0 |   0.0 |      22 |       0 |   0.0
        D:4 |     429 |       0 |   0.0 |      25 |       0 |   0.0
        D:5 |     668 |     169 |  20.2 |      20 |      20 |  50.0
        D:6 |     653 |     288 |  30.6 |      18 |       4 |  18.2
        D:7 |     346 |       0 |   0.0 |       7 |       0 |   0.0
            +---------+---------+-------+---------+---------+-------
